PCL
RENO ACES @ ALBUQUERQUE ISOTOPES
07/26/2099
 
TOP OF THE 1ST
Reno Aces batting - Pitching for Albuquerque Isotopes : RHP Mike Wood
Pitching: RHP Mike Wood
Batting: LHB Josh Jessey 0-0: Called Strike
0-1: Ball
1-1: Foul Ball, location: 2F
1-2: SOLO HOME RUN (Flyball, 89XD, EV 105.6 MPH), Distance : 415 ft
Batting: RHB Jeff Sanfillipo 0-0: Ball
1-0: Swinging Strike
1-1: Foul Ball, location: 2F
1-2: Ball
2-2: Ground out 5-3 (Groundball, 56, EV 78.1 MPH)
Batting: RHB Thomas Montgomery 0-0: Called Strike
0-1: DOUBLE (Line Drive, 7LD, EV 106.3 MPH)
Batting: LHB Al Casas 0-0: Ball
1-0: Ball
2-0: Swinging Strike
2-1: Called Strike
2-2: Ground out 4-3 (Groundball, 4, EV 93.8 MPH)
Thomas Montgomery to third
Batting: SHB Macario Castro 0-0: Ball
1-0: Called Strike
1-1: Ball
2-1: Ball
3-1: Base on Balls
Batting: RHB Randy Steg 0-0: Called Strike
0-1: Called Strike
0-2: Foul Ball, location: 7LDF
0-2: Strikes out swinging, 2-3 out at first.
Top of the 1st over - 1 run, 2 hits, 0 errors, 2 left on base; Reno 1 - Albuquerque 0
BOTTOM OF THE 1ST
Albuquerque Isotopes batting - Pitching for Reno Aces : RHP Jose Gomez
Pitching: RHP Jose Gomez
Batting: RHB Javy Sanchez 0-0: SINGLE (Groundball, 56D, EV 108.8 MPH)
Batting: RHB Hugo Sanchez 0-0: SINGLE (Line Drive, 7S, EV 97.5 MPH)
Javy Sanchez to second
Batting: LHB Gerardo de Leon 0-0: Ball
1-0: Ball
2-0: Called Strike
2-1: Swinging Strike
2-2: Foul Ball, location: 7LMF
2-2: Foul Ball, location: 7LDF
2-2: Fly out, F9 (Line Drive, 9LM, EV 110.0 MPH)
Batting: RHB T.J. Krakowski 0-0: TRIPLE (Line Drive, 8RXD, EV 101.9 MPH)
Javy Sanchez scores
Hugo Sanchez scores
Batting: SHB Jon Coverly 0-0: 2-RUN HOME RUN (Flyball, 89XD, EV 110.0 MPH), Distance : 428 ft
Batting: RHB Josh Peterson 0-0: Called Strike
0-1: DOUBLE (Groundball, 5L, EV 110.0 MPH)
Batting: LHB Roberto Velasco 0-0: Called Strike
0-1: Ball
1-1: Foul Ball, location: 5FF
1-2: Ground out 4-3 (Groundball, 4, EV 91.3 MPH)
Josh Peterson to third
Batting: SHB Mike Schirmer 0-0: Called Strike
0-1: Ball
1-1: Ball
2-1: Foul Ball, location: 2F
2-2: Ball
3-2: Fly out, F8 (Flyball, 78S, EV 84.4 MPH)
Bottom of the 1st over - 4 runs, 5 hits, 0 errors, 1 left on base; Reno 1 - Albuquerque 4
TOP OF THE 2ND
Reno Aces batting - Pitching for Albuquerque Isotopes : RHP Mike Wood
Batting: RHB Ron Ellis 0-0: Ball
1-0: Ball
2-0: Ball
3-0: Called Strike
3-1: Foul Ball, location: 2F
3-2: SINGLE (Line Drive, 4M, EV 95.0 MPH)
Batting: RHB Jim Unknown 0-0: Ball
1-0: Foul Ball, location: 9LSF
1-1: Called Strike
1-2: Ball
2-2: Ball
3-2: Foul Ball, location: 9LDF
3-2: Strikes out looking
Ron Ellis is caught stealing 2nd base 2-4
Batter strikes out.
Batting: LHB Jim Unknown 0-0: Called Strike
0-1: Ball
1-1: Swinging Strike
1-2: Strikes out swinging
Top of the 2nd over - 0 runs, 1 hit, 0 errors, 0 left on base; Reno 1 - Albuquerque 4
BOTTOM OF THE 2ND
Albuquerque Isotopes batting - Pitching for Reno Aces : RHP Jose Gomez
Batting: RHB Pedro Chamaua 0-0: Called Strike
0-1: Foul Ball, location: 2F
0-2: Fly out, F8 (Flyball, 89M, EV 96.9 MPH)
Batting: RHB Javy Sanchez 0-0: Ball
1-0: Fly out, F7 (Flyball, 7, EV 95.6 MPH)
Batting: RHB Hugo Sanchez 0-0: Foul Ball, location: 7LDF
0-1: Ball
1-1: Ball
2-1: Ball
3-1: Ground out 6-3 (Groundball, 56, EV 109.4 MPH)
Bottom of the 2nd over - 0 runs, 0 hits, 0 errors, 0 left on base; Reno 1 - Albuquerque 4
TOP OF THE 3RD
Reno Aces batting - Pitching for Albuquerque Isotopes : RHP Mike Wood
Batting: LHB Josh Jessey 0-0: Fly out, F8 (Flyball, 8LD, EV 110.6 MPH)
Batting: RHB Jeff Sanfillipo 0-0: Ball
1-0: Called Strike
1-1: Ball
2-1: Called Strike
2-2: Ball
3-2: Strikes out swinging
Batting: RHB Thomas Montgomery 0-0: Swinging Strike
0-1: Ball
1-1: Ball
2-1: Ball
3-1: Called Strike
3-2: Ground out 6-3 (Groundball, 6, EV 105.0 MPH)
Top of the 3rd over - 0 runs, 0 hits, 0 errors, 0 left on base; Reno 1 - Albuquerque 4
BOTTOM OF THE 3RD
Albuquerque Isotopes batting - Pitching for Reno Aces : RHP Jose Gomez
Batting: LHB Gerardo de Leon 0-0: Ball
1-0: Swinging Strike
1-1: Ball
2-1: Ball
3-1: Foul Ball, location: 5FF
3-2: Base on Balls
Batting: RHB T.J. Krakowski 0-0: Called Strike
0-1: Foul Ball, location: 23F
0-2: Strikes out swinging
Batting: SHB Jon Coverly 0-0: Ball
1-0: Ball
2-0: Grounds into double play, 4-6-3 (Groundball, 4, EV 85.6 MPH)
Bottom of the 3rd over - 0 runs, 0 hits, 0 errors, 0 left on base; Reno 1 - Albuquerque 4
TOP OF THE 4TH
Reno Aces batting - Pitching for Albuquerque Isotopes : RHP Mike Wood
Batting: LHB Al Casas 0-0: Ball
1-0: DOUBLE (Line Drive, 78XD, EV 106.9 MPH)
Batting: SHB Macario Castro 0-0: Ball
1-0: Called Strike
1-1: Ball
2-1: Fly out, F9 (Line Drive, 9D, EV 102.5 MPH)
Runner from 2nd tags up, SAFE at 3rd, no throw by RF
Batting: RHB Randy Steg 0-0: SINGLE (Groundball, 56S, EV 56.9 MPH) (infield hit)
Al Casas scores
Batting: RHB Ron Ellis 0-0: Foul Ball, location: 2F
0-1: Foul Ball, location: 5F
0-2: Ball
1-2: Fielders Choice at 2nd, 5-4 (Groundball, 56, EV 79.4 MPH)
Batting: RHB Jim Unknown 0-0: Foul Ball, location: 2F
0-1: Swinging Strike
0-2: Ball
1-2: Ball
2-2: Strikes out swinging
Top of the 4th over - 1 run, 2 hits, 0 errors, 1 left on base; Reno 2 - Albuquerque 4
BOTTOM OF THE 4TH
Albuquerque Isotopes batting - Pitching for Reno Aces : RHP Jose Gomez
Batting: RHB Josh Peterson 0-0: Ball
1-0: Fly out, F8 (Flyball, 8RXD, EV 110.6 MPH)
Batting: LHB Roberto Velasco 0-0: Ball
1-0: Swinging Strike
1-1: Foul Ball, location: 2F
1-2: Foul Ball, location: 2F
1-2: SINGLE (Line Drive, 7LS, EV 103.1 MPH)
Batting: SHB Mike Schirmer 0-0: Foul Ball, location: 9LMF
0-1: Called Strike
0-2: Strikes out swinging
Batting: RHB Pedro Chamaua 0-0: Ball
Roberto Velasco is caught stealing 2nd base 2-4
Bottom of the 4th over - 0 runs, 1 hit, 0 errors, 0 left on base; Reno 2 - Albuquerque 4
TOP OF THE 5TH
Reno Aces batting - Pitching for Albuquerque Isotopes : RHP Mike Wood
Batting: LHB Jim Unknown 0-0: Ball
1-0: Called Strike
1-1: Ball
2-1: Swinging Strike
2-2: Ground out 2-3 (Groundball, 2L, EV 71.3 MPH)
Batting: LHB Josh Jessey 0-0: Ball
1-0: Called Strike
1-1: Fly out, F9 (Line Drive, 9, EV 91.3 MPH)
Batting: RHB Jeff Sanfillipo 0-0: Ball
1-0: Called Strike
1-1: Swinging Strike
1-2: Foul Ball, location: 7LDF
1-2: Ball
2-2: Ball
3-2: Foul Ball, location: 2F
3-2: Fly out, F8 (Flyball, 8LS, EV 97.5 MPH)
Top of the 5th over - 0 runs, 0 hits, 0 errors, 0 left on base; Reno 2 - Albuquerque 4
BOTTOM OF THE 5TH
Albuquerque Isotopes batting - Pitching for Reno Aces : RHP Jose Gomez
Batting: RHB Pedro Chamaua 0-0: Ball
1-0: Ball
2-0: Ball
3-0: Foul Ball, location: 2F
3-1: Foul Ball, location: 5SF
3-2: Foul Ball, location: 2F
3-2: Ground out 4-3 (Groundball, 4M, EV 87.5 MPH)
Batting: RHB Javy Sanchez 0-0: Ball
1-0: Fly out, F9 (Flyball, 89D, EV 102.5 MPH)
Batting: RHB Hugo Sanchez 0-0: Reached on error, E5 (Groundball, 56, EV 98.8 MPH)
Batting: LHB Gerardo de Leon 0-0: Fly out, F8 (Line Drive, 8RD, EV 101.3 MPH)
Bottom of the 5th over - 0 runs, 0 hits, 1 error, 1 left on base; Reno 2 - Albuquerque 4
TOP OF THE 6TH
Reno Aces batting - Pitching for Albuquerque Isotopes : RHP Mike Wood
Batting: RHB Thomas Montgomery 0-0: Ball
1-0: Called Strike
1-1: Ground out 6-3 (Groundball, 6, EV 79.4 MPH)
Batting: LHB Al Casas 0-0: Ball
1-0: Called Strike
1-1: Ball
2-1: Foul Ball, location: 23FF
2-2: Ball
3-2: Strikes out swinging
Batting: SHB Macario Castro 0-0: Fly out, F7 (Flyball, 7, EV 86.9 MPH)
Top of the 6th over - 0 runs, 0 hits, 0 errors, 0 left on base; Reno 2 - Albuquerque 4
BOTTOM OF THE 6TH
Albuquerque Isotopes batting - Pitching for Reno Aces : RHP Jose Gomez
Batting: RHB T.J. Krakowski 0-0: Called Strike
0-1: Called Strike
0-2: Ball
1-2: Foul Ball, location: 9LMF
1-2: Ball
2-2: Strikes out swinging
Batting: SHB Jon Coverly 0-0: Called Strike
0-1: Ground out 6-3 (Groundball, 4MD, EV 97.5 MPH)
Batting: RHB Josh Peterson 0-0: Called Strike
0-1: Ball
1-1: Foul Ball, location: 2F
1-2: Foul Ball, location: 25F
1-2: SINGLE (Line Drive, 8RS, EV 92.5 MPH)
Batting: LHB Roberto Velasco 0-0: Foul Ball, location: 25FF
0-1: Fly out, F7 (Flyball, 7LS, EV 96.3 MPH)
Bottom of the 6th over - 0 runs, 1 hit, 0 errors, 1 left on base; Reno 2 - Albuquerque 4
TOP OF THE 7TH
Reno Aces batting - Pitching for Albuquerque Isotopes : RHP Mike Wood
Batting: RHB Randy Steg 0-0: Called Strike
0-1: Ball
1-1: Ball
2-1: Ball
3-1: Ground out U3 (Groundball, 3, EV 99.4 MPH)
Pitching: LHP Allen Oliver
Batting: RHB Ron Ellis 0-0: Called Strike
0-1: Ball
1-1: Swinging Strike
1-2: Foul Ball, location: 9LDF
1-2: Ball
2-2: Ground out 6-3 (Groundball, 6, EV 94.4 MPH)
Batting: RHB Jim Unknown 0-0: Called Strike
0-1: Ground out 5-3 (Groundball, 56S, EV 81.3 MPH)
Top of the 7th over - 0 runs, 0 hits, 0 errors, 0 left on base; Reno 2 - Albuquerque 4
BOTTOM OF THE 7TH
Albuquerque Isotopes batting - Pitching for Reno Aces : RHP Jose Gomez
Batting: SHB Mike Schirmer 0-0: Ball
1-0: Ground out 5-3 (Groundball, 56, EV 81.3 MPH)
Batting: RHB Pedro Chamaua 0-0: Ball
1-0: Ball
2-0: Ball
3-0: Called Strike
3-1: TRIPLE (Groundball, 5L, EV 104.4 MPH)
Pitching: RHP Austin Lubert
Batting: RHB Javy Sanchez 0-0: Ball
1-0: Foul Ball, location: 2F
1-1: Ball
2-1: Ball
3-1: Called Strike
3-2: SINGLE (Groundball, 6MD, EV 96.3 MPH)
Pedro Chamaua scores
Batting: RHB Hugo Sanchez 0-0: Ball
1-0: Grounds into double play, 6-4-3 (Groundball, 6, EV 98.1 MPH)
Bottom of the 7th over - 1 run, 2 hits, 0 errors, 0 left on base; Reno 2 - Albuquerque 5
TOP OF THE 8TH
Reno Aces batting - Pitching for Albuquerque Isotopes : LHP Allen Oliver
Batting: LHB Jim Unknown 0-0: Called Strike
0-1: Called Strike
0-2: Foul Ball, location: 2F
0-2: Ground out 4-3 (Groundball, 4, EV 105.6 MPH)
Batting: LHB Josh Jessey 0-0: Ball
1-0: Ground out 6-3 (Groundball, 6MS, EV 86.9 MPH)
Batting: RHB Jeff Sanfillipo 0-0: Ball
1-0: Ball
2-0: Ball
3-0: Called Strike
3-1: Fly out, F9 (Flyball, 9LM, EV 78.8 MPH)
Top of the 8th over - 0 runs, 0 hits, 0 errors, 0 left on base; Reno 2 - Albuquerque 5
BOTTOM OF THE 8TH
Albuquerque Isotopes batting - Pitching for Reno Aces : RHP Austin Lubert
Batting: LHB Gerardo de Leon 0-0: Called Strike
0-1: Foul Ball, location: 2F
0-2: Foul Ball, location: 2F
0-2: Foul Ball, location: 23FF
0-2: Ball
1-2: Fly out, F7 (Flyball, 78S, EV 91.9 MPH)
Batting: RHB T.J. Krakowski 0-0: Ball
1-0: Hit by Pitch
Batting: SHB Jon Coverly 0-0: Ball
1-0: Ball
2-0: Foul Ball, location: 7LSF
2-1: Foul Ball, location: 2RF
2-2: DOUBLE (Flyball, 78D, EV 106.9 MPH)
T.J. Krakowski to third
Batting: RHB Josh Peterson 0-0: Foul Ball, location: 2F
0-1: Fly out, F8 (Flyball, 89XD, EV 96.9 MPH)
Runner from 3rd tags up, SCORES, no throw by CF
Batting: LHB Roberto Velasco 0-0: Called Strike
0-1: Foul Ball, location: 2F
0-2: Ball
1-2: Ball
2-2: Ball
3-2: Strikes out swinging
Bottom of the 8th over - 1 run, 1 hit, 0 errors, 1 left on base; Reno 2 - Albuquerque 6
TOP OF THE 9TH
Reno Aces batting - Pitching for Albuquerque Isotopes : LHP Allen Oliver
Batting: RHB Thomas Montgomery 0-0: Swinging Strike
0-1: Ground out 5-3 (Groundball, 5, EV 88.8 MPH)
Batting: LHB Al Casas 0-0: Called Strike
0-1: Called Strike
0-2: Strikes out looking
Batting: SHB Macario Castro 0-0: Ball
1-0: Fly out, F3 (Popup, 3F, EV 79.4 MPH)
Top of the 9th over - 0 runs, 0 hits, 0 errors, 0 left on base; Reno 2 - Albuquerque 6
Sunday, May 12th , 2024 - OOTP Baseball 24.11 Build 85